 Dungeon Crawl Stone Soup version 0.30.0-29-ga12c61a403 (webtiles) character file.

Game seed: 2579972505401693767

1598 Peloso the Slasher (level 8, -12/70 HPs)
             Began as a Minotaur Fighter on June 6, 2023.
             Was a Believer of Okawaru.
             Mangled by a two-headed ogre
             ... wielding a +0 giant club
              (27 damage)
             ... on level 6 of the Dungeon.
             The game lasted 00:06:45 (4104 turns).

Peloso the Slasher (Minotaur Fighter)               Turns: 4104, Time: 00:06:46

Health: -12/70     AC: 13    Str: 26    XL:     8   Next: 62%
Magic:  7/7        EV: 11    Int:  5    God:    Okawaru [**....]
Gold:   278        SH:  5    Dex: 12    Spells: 7/7 levels left

rFire   . . .        b - +8 rapier "Hydraslayer" {venom, rN++ Str+5}
rCold   + . .        d - +0 buckler
rNeg    + + .        w - +0 scale mail
rPois   .            (helmet restricted)
rElec   .            (no cloak)
rCorr   .            c - +0 pair of gloves
SInv    .            (no boots)
Will    .....        s - amulet of the acrobat Stlth
                     i - +4 ring of protection
HPRegen 0.31/turn    j - ring of protection from cold
MPRegen 0.10/turn

%: acrobat
@: no status effects
A: horns 2, retaliatory headbutt
a: Renounce Religion, Heroism


You were on level 6 of the Dungeon.
You worshipped Okawaru.
Okawaru was pleased with you.
You visited 1 branch of the dungeon, and saw 6 of its levels.

You collected 278 gold pieces.

Inventory:

Hand Weapons
 a - a +1 long sword
 b - the +8 rapier "Hydraslayer" (weapon) {venom, rN++ Str+5}
   (You found it on level 5 of the Dungeon)

   Str:       It affects your strength (+5).
   rN:        It greatly protects you from negative energy.
Armour
 c - a +0 pair of gloves (worn)
 d - a +0 buckler (worn)
 w - a +0 scale mail (worn)
Jewellery
 i - a +4 ring of protection (left hand)
 j - a ring of protection from cold (right hand)
 q - a +5 ring of evasion
 s - an amulet of the acrobat (around neck)
 x - an amulet of faith
 z - a ring of willpower
Wands
 e - a wand of flame (43)
 p - a wand of acid (2)
 u - a wand of iceblast (14)
Scrolls
 h - 2 scrolls of silence
 l - a scroll of immolation
 m - 2 scrolls of enchant armour
 n - a scroll of blinking
 o - a scroll of fog {unknown}
 r - a scroll of amnesia {unknown}
 t - 2 scrolls of magic mapping
 y - a scroll of brand weapon {unknown}
 A - a scroll of identify
Potions
 f - a potion of brilliance
 g - 4 potions of curing
 k - 2 potions of might
 v - a potion of mutation


   Skills:
 + Level 6.0 Fighting
 + Level 4.2(6.1) Short Blades
 + Level 7.5(8.1) Long Blades
 + Level 6.7 Armour
 + Level 3.6 Dodging
 + Level 1.4 Stealth
 + Level 5.4 Shields


You had 7 spell levels left.
You didn't know any spells.
Your spell library contained the following spells:

 Spells                   Type           Power      Damage    Failure   Level
 Magic Dart               Conj           0%         1d3       78%         1
 Sandblast                Erth           0%         2d4       78%         1
 Passwall                 Tmut/Erth      0%         N/A       89%         2
 Poisonous Vapours        Pois/Air       0%         N/A       89%         2
 Searing Ray              Conj           0%         2d4       89%         2
 Frozen Ramparts          Ice            0%         1d1       98%         3
 Mephitic Cloud           Conj/Pois/Air  0%         N/A       98%         3
 Stone Arrow              Conj/Erth      0%         3d7       98%         3
 Fulminant Prism          Conj/Hex       0%         3d5       100%        4
 Ice Form                 Ice/Tmut       0%         N/A       100%        4
 Petrify                  Tmut/Erth      0%         N/A       100%        4
 Sticky Flame             Conj/Fire      0%         2d3       100%        4
 Borgnjor's Vile Clutch   Necr/Erth      0%         N/A       100%        5
 Freezing Cloud           Conj/Ice/Air   0%         6-21      100%        5
 Summon Ice Beast         Ice/Summ       Unusable   N/A       N/A         4

Dungeon Overview and Level Annotations

Branches:
Dungeon (6/15)             Temple (0/1) D:4

Altars:
Kikubaaqudgha
Okawaru
Vehumet

Annotations:
D:4 1 runed translucent door, Tinylith's ghost, amateur DsFi


Innate Abilities, Weirdness & Mutations

You have a pair of horns on your head.
You reflexively headbutt those who attack you in melee.


Message History

The ice beast is severely wounded.
You block the ice beast's attack.
You puncture the ice beast!
You kill the ice beast!
Okawaru accepts your kill.
Your Fighting skill increases to level 6!
Your base Short Blades skill increases to level 4!
Found a short sword.
A - a scroll of identify A two-headed ogre comes into view.
It is wielding a +0 giant club and a +0 giant spiked club.
The two-headed ogre shouts in stereo!
A two-headed ogre is nearby!
A two-headed ogre is nearby!
A two-headed ogre is nearby!
You hit the two-headed ogre.
The two-headed ogre is poisoned.
The two-headed ogre is lightly wounded.
The two-headed ogre hits you with a +0 giant club.
The two-headed ogre hits you but does no damage.
You hit the two-headed ogre but do no damage.
The two-headed ogre looks as sick as possible!
The two-headed ogre is lightly wounded.
The two-headed ogre hits you with a +0 giant club!!
The two-headed ogre hits you with a +0 giant spiked club.
You puncture the two-headed ogre!
The two-headed ogre is heavily wounded.
You hit the two-headed ogre.
The two-headed ogre looks as sick as possible!
The two-headed ogre is heavily wounded.
The two-headed ogre hits you but does no damage.
The two-headed ogre hits you with a +0 giant spiked club!!
* * * LOW HITPOINT WARNING * * *
You puncture the two-headed ogre!
Your headbutt misses the two-headed ogre.
The two-headed ogre is severely wounded.
You hit the two-headed ogre but do no damage.
The two-headed ogre looks as sick as possible!
The two-headed ogre is severely wounded.
The two-headed ogre closely misses you.
The two-headed ogre hits you with a +0 giant spiked club!!
You die...

..................####
.........>.......##
##...............##
####.............##
..............#
##.#....### ###..####
#.....## #..!@..#
#...O...# #.....###
#...... #.......
......... ...........
.............


You could see a two-headed ogre (extremely poisoned).

Vanquished Creatures
  A water moccasin (D:5)
  A black bear (D:4)
  2 ice beasts
  2 ogres (D:5)
  A centaur (D:5)
  3 phantoms
  A kobold brigand (D:5)
  3 bullfrogs
  3 scorpions
  A jelly (D:5)
  A gnoll bouda (D:6)
  2 iguanas (D:5)
  Ijyb (D:3)
  3 gnolls (D:5)
  7 adders
  5 dart slugs
  An orc (D:4)
  4 ball pythons
  4 endoplasms
  A giant cockroach (D:1)
  8 goblins
  14 hobgoblins
  7 jackals
  8 quokkas
  3 bats
  4 frilled lizards
  11 kobolds
  3 rats
105 creatures vanquished.

Notes
Turn   | Place    | Note
-------+----------+-------------------------------------------
     0 | D:1      | Peloso the Minotaur Fighter began the quest for the Orb.
     0 | D:1      | Reached XP level 1. HP: 19/19 MP: 0/0
     1 | D:1      | Got the Papyrus of the Quarry and the Salamander
   103 | D:1      | Reached XP level 2. HP: 27/27 MP: 1/1
   205 | D:1      | Reached skill level 3 in Long Blades
   726 | D:2      | Reached XP level 3. HP: 30/33 MP: 2/2
   767 | D:2      | Found a radiant altar of Vehumet.
   863 | D:2      | Found a faded altar of an unknown god.
   968 | D:2      | Reached skill level 4 in Long Blades
   971 | D:2      | Reached XP level 4. HP: 39/40 MP: 3/3
  1433 | D:3      | Found an ancient bone altar of Kikubaaqudgha.
  1537 | D:3      | Noticed an ice beast
  1552 | D:3      | Killed an ice beast
  1553 | D:3      | Reached skill level 1 in Dodging
  1553 | D:3      | Reached XP level 5. HP: 37/47 MP: 4/4
  1959 | D:3      | Noticed Ijyb
  1973 | D:3      | Killed Ijyb
  2132 | D:4      | Reached skill level 5 in Long Blades
  2351 | D:4      | Noticed a black bear
  2356 | D:4      | Killed a black bear
  2357 | D:4      | Reached XP level 6. HP: 53/53 MP: 5/5
  2581 | D:4      | Found an iron altar of Okawaru.
  2587 | D:4      | Found a runed translucent door.
  2592 | D:4      | Noticed Tinylith's ghost (amateur DsFi)
  2610 | D:4      | Became a worshipper of Warmaster Okawaru
  2713 | D:4      | Found a staircase to the Ecumenical Temple.
  2933 | D:5      | Entered Level 5 of the Dungeon
  3029 | D:5      | Reached skill level 5 in Armour
  3069 | D:5      | Reached skill level 6 in Long Blades
  3096 | D:5      | Reached skill level 5 in Fighting
  3096 | D:5      | Reached XP level 7. HP: 60/61 MP: 6/6
  3149 | D:5      | Identified the +8 rapier "Hydraslayer" {venom, rN++ Str+5}
  3479 | D:5      | Reached * piety under Okawaru
  3480 | D:5      | Reached skill level 1 in Stealth
  3574 | D:5      | Reached skill level 1 in Short Blades
  3574 | D:5      | Reached skill level 7 in Long Blades
  3745 | D:5      | Reached skill level 5 in Shields
  3745 | D:5      | Reached XP level 8. HP: 69/69 MP: 7/7
  3805 | D:5      | Reached ** piety under Okawaru
  4095 | D:6      | Noticed a two-headed ogre
  4104 | D:6      | Mangled by a two-headed ogre

Illustrated notes

Levels and vault maps discovered:
D:1:      dreamdust_arrival_sigmund_warning, layout_loops_ring
D:2:      layout_basic, basic_altar, hellmonk_ecumenical_altar_zigzags,
          grunt_ministairs_9, minmay_tetromino_s4
D:3:      layout_loops_ring, kiku_gazebo_garden_becter, amethyst_killhole,
          nicolae_figureground_sparkle, uniq_ijyb
D:4:      layout_basic, mainiacjoe_overflow_surrounded_room,
          minmay_temple_entry_slanted, gammafunk_ghost_grave,
          palyth_stone_intersect
D:5:      cheibrodos_thug_alley, layout_loops_ring, amcnicky_mini_pool_medium
D:6:      layout_cave_pools, lemuel_tele_altar, tgw_trog, led_sif_pool,
          hangedman_abyss_or_decor_passed

Skill      XL: |  1  2  3  4  5  6  7  8 |
---------------+-------------------------+-----
Long Blades    | 3 4 5 6 7 |  7.5
Fighting       | 4 5 6 |  6.0
Armour         | 4 5 6 |  6.7
Shields        | 4 5 |  5.4
Dodging        | 1 2 3 |  3.6
Stealth        | 1 |  1.4
Short Blades   | 1 4 |  4.2

Action                     |  1- 3 |  4- 6 |  7- 9 || total
---------------------------+-------+-------+-------++-------
  Melee: Long sword        |    95 |    91 |     7 ||   193
         Headbutt          |     7 |    14 |    15 ||    36
         Rapier            |       |       |    93 ||    93
    Use: Potion            |     3 |       |       ||     3
         Scroll            |     1 |     4 |     4 ||     9
 Armour: Scale mail        |    54 |    35 |    30 ||   119
  Dodge: Dodged            |    52 |    42 |    42 ||   136
  Block: Buckler           |    19 |    19 |    18 ||    56
